 Dungeon Crawl Stone Soup version 0.30-a0-424-g7412bad402 (webtiles) character file.

Game seed: 6219990068812389428

6724 PyroL the Merchant of Misery (level 10, -1/63 HPs)
             Began as a Demonspawn Necromancer on Dec 8, 2022.
             Was a Believer of Kikubaaqudgha.
             Slain by a shadow (28 damage)
             ... on level 10 of the Dungeon on Dec 9, 2022.
             The game lasted 00:27:21 (10616 turns).

PyroL the Merchant of Misery (DsNe)                Turns: 10616, Time: 00:27:21

Health: -1/63      AC: 17    Str:  5    XL:     10   Next: 74%
Magic:  7/19       EV: 17    Int: 20    God:    Kikubaaqudgha [**....]
Gold:   523        SH:  8    Dex: 15    Spells: 12/21 levels left

rFire   . . .      SeeInvis .    a - +2 dagger (pain)
rCold   . . .      Faith    .    D - +0 buckler
rNeg    + . .      Spirit   .    I - +0 robe {Will+}
rPois   +          Reflect  +    (helmet restricted)
rElec   +          Harm     .    (no cloak)
rCorr   .          Rampage  .    p - +1 pair of gloves of Peatotop {rElec rPois rN+ Str-3}
Will    +....                    g - +0 pair of boots {Fly}
Stlth   ++........               u - amulet of reflection
HPRegen 0.30/turn                (no ring)
MPRegen 0.32/turn                (no ring)

@: sanguine armoured, animating dead, flying, very slightly contaminated
A: horns 1, demonic guardian 2, magic regeneration, sanguine armour 3
a: Renounce Religion, Unearth Wretches


You were on level 10 of the Dungeon.
You worshipped Kikubaaqudgha.
Kikubaaqudgha was pleased with you.
You visited 2 branches of the dungeon, and saw 11 of its levels.

You collected 523 gold pieces.

Inventory:

Hand Weapons
 a - a +2 dagger of pain (weapon)
 J - a +3 whip of freezing
Missiles
 s - 5 poisoned darts
 w - 2 throwing nets
Armour
 g - a +0 pair of boots of flying (worn)
 p - the +1 pair of gloves of Peatotop (worn) {rElec rPois rN+ Str-3}
   (You found it on level 3 of the Dungeon)

   Str:       It affects your strength (-3).
   rElec:     It insulates you from electricity.
   rPois:     It protects you from poison.
   rN:        It protects you from negative energy.
 D - a +0 buckler (worn)
 I - a +0 robe of willpower (worn)
Jewellery
 u - an amulet of reflection (around neck)
Wands
 q - a wand of paralysis (12)
 y - a wand of polymorph (20)
 z - a wand of iceblast (8)
 A - a wand of digging (16)
 B - a wand of acid (6)
Scrolls
 f - a scroll of enchant weapon {unknown}
 j - a scroll of fear
 l - a scroll of amnesia {unknown}
 m - a scroll of fog {unknown}
 o - 2 scrolls of vulnerability
 r - 5 scrolls of teleportation
 v - a scroll of immolation {unknown}
 C - a scroll of enchant armour
 F - a scroll of noise {unknown}
 G - a scroll of poison {unknown}
Potions
 b - a potion of magic
 c - 2 potions of resistance {unknown}
 d - a potion of degeneration {unknown}
 e - 7 potions of heal wounds
 h - a potion of brilliance {unknown}
 i - 2 potions of lignification
 k - 4 potions of curing
 n - a potion of berserk rage {unknown}
 t - 3 potions of might
 x - 2 potions of haste
 E - a potion of cancellation {unknown}
 H - a potion of ambrosia {unknown}


   Skills:
 * Level 10.4 Dodging
 - Level 1.7 Stealth
 - Level 6.3 Spellcasting
 + Level 12.0 Necromancy


You had 12 spell levels left.
You knew the following spells:

 Your Spells              Type           Power      Damage    Failure   Level
a - Necrotise             Necr           100%       1d9       1%          1
b - Vampiric Draining     Necr           53%        2d9       1%          3
c - Animate Dead          Necr           53%        N/A       1%          4
d - Kiss of Death         Conj/Necr      100%       2d13      1%          1

Your spell library contained the following spells:

 Spells                   Type           Power      Damage    Failure   Level
 Sublimation of Blood     Necr           53%        N/A       1%          2
 Agony                    Necr           53%        N/A       2%          5
 Cigotuvi's Dreadful Rot  Necr/Pois/Air  44%        N/A       4%          2
 Freeze                   Ice            24%        1d4       14%         1
 Ensorcelled Hibernation  Hex/Ice        12%        N/A       21%         2
 Passwall                 Tmut/Erth      5%         N/A       21%         2
 Wereblood                Tmut           6%         N/A       21%         2
 Frozen Ramparts          Ice            12%        1d2       38%         3
 Hailstorm                Conj/Ice       6%         3d4       38%         3
 Ozocubu's Armour         Ice            6%         N/A       38%         3
 Swiftness                Air            6%         N/A       38%         3
 Ozocubu's Refrigeration  Ice            3%         4d8       100%        7
 Summon Hydra             Summ           3%         N/A       100%        7


Dungeon Overview and Level Annotations

Branches:
Dungeon (10/15)            Temple (1/1) D:6
   Lair: D:8-11         Orc: D:9-12

Altars:
Cheibriados
Dithmenos
Gozag
Kikubaaqudgha
Nemelex Xobeh
Ru
Sif Muna
Trog
Uskayaw
Xom
Yredelemnul

Shops:
D:4 (   D:6 !   D:8 *   D:9 (


Innate Abilities, Weirdness & Mutations

You have a pair of small horns on your head.
A demonic guardian rushes to your aid.
You regenerate magic rapidly.
When seriously injured, your blood forms very thick armour. (AC +12)


Message History

Press: ? - help, Shift-Dir - straight line, f/p - yak
Aim: a yak (lightly wounded)
You miscast Vampiric Draining.
You are very lightly contaminated with residual magic.
Nothing appears to happen.
You block the yak's attack. The yak misses you. You block the shadow's attack.
Your ice devil hits the yak!
Your ice devil freezes the yak!!
The yak dies!
Kikubaaqudgha accepts your kill.
Your Necromancy skill increases to level 12!
Casting: Vampiric Draining (safe; 1% risk of failure)
Confirm with . or Enter, or press ? or * to list all spells.
Aiming: Vampiric Draining (safe; 1% risk of failure)
Press: ? - help, Shift-Dir - straight line, f/p - yak
Aim: a yak (lightly wounded, ally target)
You draw life force from the yak!
You feel life coursing into your body.
Your yak zombie closely misses the yak.
The yak closely misses you.
The shadow slips into darkness.
The shadow flickers and vanishes!
Deactivating autopickup; reactivate with Ctrl-A.
Your ice devil hits the yak!
Your ice devil freezes the yak!!
The yak dies!
Kikubaaqudgha accepts your kill.
The dead are walking!
You closely miss something. Your headbutt misses something.
The shadow strikes at you from the darkness!
* * * LOW HITPOINT WARNING * * *
Reactivating autopickup.
Your yak zombie misses the shadow.
Okay, then.
Unknown command.
You hit the shadow but do no damage.
The shadow slips into darkness.
The shadow flickers and vanishes!
Deactivating autopickup; reactivate with Ctrl-A.
Your yak zombie gores something.
You barely miss something.
The shadow strikes at you from the darkness!
You die...
Kikubaaqudgha rasps: "You have failed me!
Welcome... death!"

# #.###
#..@#
##Z4{#
...Z...
###...###
##.## #.#
... #.#


You could see a friendly ice devil (summoned) and 2 friendly yak zombies.

Vanquished Creatures
  Pikel (D:3)
  2 trolls (D:9)
  2 hornets
  Prince Ribbit (D:6)
  Sigmund (D:6)
  2 wyverns
  2 yaks
  4 steam dragons
  Edmund (D:5)
  An ice beast (D:8)
  2 ogres
  A wolf (D:8)
  2 phantoms (D:5)
  A kobold brigand (D:8)
  A bullfrog (D:8)
  A necrophage (D:4)
  A scorpion (D:5)
  7 wights
  An electric eel (D:8)
  4 howler monkeys
  A hound (D:4)
  5 jellies
  6 orc priests
  A gnoll bouda (D:3)
  3 iguanas
  8 orc wizards
  Ijyb (D:5)
  2 killer bee simulacra (D:8)
  6 gnolls
  6 adders
  A shadow imp (D:5)
  5 white imps
  A howler monkey simulacrum (D:8)
  An ufetubus (D:4)
  4 worms
  2 dart slugs
  24 orcs
  8 ball pythons
  9 endoplasms
  5 giant cockroaches
  7 goblins
  5 hobgoblins
  4 jackals
  5 quokkas
  6 bats
  3 frilled lizards
  13 kobolds
  6 rats
186 creatures vanquished.

Vanquished Creatures (collateral kills)
  Joseph (D:7)
  A troll (D:9)
  3 yaks (D:10)
  Menkaure (D:7)
  An ice beast (D:8)
  2 bullfrogs
  2 wights
  2 orc wizards
  An adder (D:6)
  4 gnolls
  A white imp (D:8)
  An ufetubus (D:8)
  3 orcs (D:9)
  A quokka (D:5)
  2 frilled lizards (D:2)
26 creatures vanquished.

Vanquished Creatures (others)
  A steam dragon zombie (D:7)
  A gnoll zombie (D:3)
  2 orcs (D:8)
  10 orc zombies
  A quokka zombie (D:3)
15 creatures vanquished.

Grand Total: 227 creatures vanquished

Notes
Turn   | Place    | Note
-------+----------+-------------------------------------------
     0 | D:1      | PyroL the Demonspawn Necromancer began the quest for the
                  | Orb.
     0 | D:1      | Reached XP level 1. HP: 13/13 MP: 3/3
    69 | D:1      | Gained mutation: When seriously injured, your blood forms
                  | armour. (AC +12) [demonic ancestry]
    69 | D:1      | Reached XP level 2. HP: 19/19 MP: 0/5
   507 | D:1      | You fall into a shaft and drop 1 floor!
   572 | D:2      | Gained mutation: You have a pair of small horns on your
                  | head. [demonic ancestry]
   572 | D:2      | Reached XP level 3. HP: 24/24 MP: 5/7
   576 | D:2      | Learned a level 3 spell: Vampiric Draining
   587 | D:2      | Reached skill level 5 in Necromancy
  1525 | D:2      | Gained mutation: A weak demonic guardian rushes to your
                  | aid. [demonic ancestry]
  1525 | D:2      | Reached XP level 4. HP: 30/30 MP: 8/8
  1683 | D:2      | Learned a level 4 spell: Animate Dead
  2290 | D:3      | Identified the +1 pair of gloves of Peatotop {rElec rPois
                  | rN+ Str-3}
  2929 | D:3      | Gained mutation: When seriously injured, your blood forms
                  | thick armour. (AC +12) [demonic ancestry]
  2929 | D:3      | Reached XP level 5. HP: 35/35 MP: 4/10
  3092 | D:3      | Reached skill level 6 in Necromancy
  3278 | D:4      | Noticed an ogre
  3297 | D:4      | Found Qosovuce's Antique Weapon Boutique.
  3540 | D:4      | Noticed Pikel
  3540 | D:4      | Noticed a lemure
  3540 | D:4      | Noticed a lemure
  3540 | D:4      | Noticed a lemure
  3540 | D:4      | Noticed a lemure
  3739 | D:3      | Gained mutation: When seriously injured, your blood forms
                  | very thick armour. (AC +12) [demonic ancestry]
  3739 | D:3      | Reached XP level 6. HP: 38/41 MP: 5/12
  4136 | D:3      | Killed Pikel
  4137 | D:3      | Reached skill level 5 in Spellcasting
  4137 | D:3      | Reached skill level 8 in Necromancy
  4137 | D:3      | Gained mutation: You regenerate magic rapidly. [demonic
                  | ancestry]
  4137 | D:3      | Reached XP level 7. HP: 32/46 MP: 1/15
  4340 | D:5      | Entered Level 5 of the Dungeon
  4431 | D:5      | Noticed Edmund
  4446 | D:5      | Killed Edmund
  4643 | D:5      | Reached XP level 8. HP: 40/52 MP: 14/17
  5099 | D:5      | Noticed Ijyb
  5312 | D:5      | Killed Ijyb
  5519 | D:5      | Reached skill level 9 in Necromancy
  5533 | D:5      | Found an opulent altar of Gozag.
  5614 | D:5      | Upgraded the game from 0.30-a0-422-g946f4849ff to
                  | 0.30-a0-424-g7412bad402
  5650 | D:6      | Noticed Sigmund
  5699 | D:6      | Noticed Prince Ribbit
  5713 | D:6      | Killed Prince Ribbit
  5763 | D:6      | Found Zurom's Distillery.
  5955 | D:6      | Killed Sigmund
  5956 | D:6      | Reached skill level 5 in Dodging
  6072 | D:6      | Gained mutation: A demonic guardian rushes to your aid.
                  | [demonic ancestry]
  6072 | D:6      | Reached XP level 9. HP: 57/57 MP: 9/18
  6422 | D:6      | Found a staircase to the Ecumenical Temple.
  6460 | Temple   | Entered the Ecumenical Temple
  6468 | Temple   | Became a worshipper of Kikubaaqudgha
  6658 | D:7      | Reached skill level 10 in Necromancy
  7509 | D:7      | Noticed Menkaure
  7570 | D:7      | Killed Menkaure
  7715 | D:7      | Noticed Joseph
  7833 | D:7      | Killed Joseph
  8250 | D:8      | Reached skill level 11 in Necromancy
  8250 | D:8      | Reached XP level 10. HP: 52/63 MP: 12/19
  8566 | D:8      | Reached * piety under Kikubaaqudgha
  8566 | D:8      | Received a gift from Kikubaaqudgha
  8569 | D:8      | Learned a level 1 spell: Kiss of Death
  8729 | D:8      | Found a shadowy altar of Dithmenos.
  8861 | D:8      | Found Isuklox's Elemental Accessories.
  9571 | D:9      | Found Gamashra's Antique Weapon Boutique.
  9655 | D:9      | Reached ** piety under Kikubaaqudgha
  9873 | D:9      | Found a basalt altar of Yredelemnul.
 10332 | D:9      | Reached skill level 10 in Dodging
 10597 | D:10     | Entered Level 10 of the Dungeon
 10613 | D:10     | Reached skill level 12 in Necromancy
 10616 | D:10     | Slain by a shadow

Illustrated notes

Levels and vault maps discovered:
D:1:      moated_graveyard_arrival, layout_basic, minmay_pentomino_r4
D:2:      layout_basic
D:3:      layout_loops_corners
D:4:      layout_gridville, serial_shops, shop, item_on_display_a, uniq_pikel
D:5:      layout_rooms, mainiacjoe_overflow_divided_tiny, uniq_ijyb, uniq_edmund
D:6:      layout_loops_ring, minmay_temple_entry_drinking_statues, serial_shops,
          shop_fountains, uniq_prince_ribbit1, uniq_sigmund
D:7:      layout_loops_cross, uniq_menkaure, uniq_joseph
D:8:      layout_loops_cross, mainiacjoe_overflow_alcove_2, serial_ice,
          serial_ice_d, serial_ice_c, serial_ice_o, serial_ice_e, serial_ice_l,
          serial_ice_h, nicolae_elemental_shop, chequers_serial_rivers_small_3
D:9:      layout_basic, mainiacjoe_overflow_six_doors_small, serial_shops,
          nicolae_stop_n_shop_2
D:10:     layout_loops_corners, nzn_hepliaklqana_mist_gate,
          mainiacjoe_overflow_24_doors, grunt_lair_entry_orc_guard_hut,
          orc_0_dummy, small_statue_intersection, kennysheep_generic_room_5,
          uniq_josephine
Temple:   compressed_dpeg_triangle_lava_temple

Skill      XL: |  1  2  3  4  5  6  7  8  9 10 |
---------------+-------------------------------+-----
Necromancy     | 5 6 8 9 11 12 | 12.0
Spellcasting   | 3 4 5 6 |  6.3
Dodging        | 5 8 10 | 10.4
Stealth        | |  1.7

Action                   |  1- 3 |  4- 6 |  7- 9 | 10-12 || total
-------------------------+-------+-------+-------+-------++-------
Melee: Spear             |    34 |    29 |       |       ||    63
       Headbutt          |     2 |     5 |    43 |    26 ||    76
       Whip              |       |     5 |   205 |    68 ||   278
       Unarmed           |       |       |    19 |       ||    19
       Punch             |       |       |     3 |       ||     3
       Dagger            |       |       |       |    70 ||    70
 Cast: Necrotise         |    60 |    69 |   110 |    39 ||   278
       Vampiric Draining |       |    12 |    32 |    32 ||    76
       Animate Dead      |       |     4 |     8 |     2 ||    14
  Use: Scroll            |       |       |     4 |     3 ||     7
 Stab: Sleeping          |       |       |     1 |     1 ||     2
       Distracted        |       |       |     1 |       ||     1
Armor: Robe              |     9 |    15 |    74 |    27 ||   125
Dodge: Dodged            |    20 |    26 |   209 |    99 ||   354
Block: Other             |       |    11 |    65 |       ||    76
       Buckler           |       |       |    15 |    77 ||    92
       Reflection        |       |       |     1 |     1 ||     2

Table legend: (Time is in decaauts)
 A = Elapsed time spent in this place.
 B = Non-inter-level travel time spent in this place.
 C = Inter-level travel time spent in this place.
 D = Time resting spent in this place.
 E = Time spent auto-exploring this place.
 F = Levels seen in this place.
 G = Mean time per level.
                   A        B        C        D        E       F      G
               +--------+--------+--------+--------+--------+-----+--------+
         Total |  10656 |  10300 |    356 |   1445 |   6341 |  11 |  968.7 |
       Dungeon |  10637 |  10281 |    356 |   1445 |   6341 |  10 | 1063.7 |
        Temple |     18 |     18 |      0 |      0 |      0 |   1 |   18.0 |
               +--------+--------+--------+--------+--------+-----+--------+

Top non-repeatable levels by time:
     D:7: 1510 daAuts
     D:3: 1491 daAuts
     D:8: 1426 daAuts
     D:4: 1288 daAuts
     D:1: 1063 daAuts
     D:9: 1027 daAuts
     D:6: 951 daAuts
     D:2: 941 daAuts
     D:5: 916 daAuts
    D:10: 19 daAuts
  Temple: 18 daAuts
